 Dungeon Crawl Stone Soup version 0.23.0-3-gf3c87f2 (webtiles) character file.

Game seed: 3157661757108066552

58 Kairos the Grave Robber (level 4, 0/21 HPs)
             Began as a Vine Stalker Necromancer on Feb 21, 2019.
             Succumbed to an adder's poison
             ... on level 2 of the Dungeon.
             The game lasted 00:03:48 (2458 turns).

Kairos the Grave Robber (Vine Stalker Necromancer)  Turns: 2458, Time: 00:03:49

Health: 0/21       AC:  2    Str: 12    XL:     4   Next: 2%
Magic:  0/9        EV: 12    Int: 15    God:
Gold:   42         SH:  0    Dex: 14    Spells: 8/9 levels left

rFire    . . .     SeeInvis .   d - +0 whip
rCold    . . .     Gourm    .   (no shield)
rNeg     . . .     Faith    .   a - +0 robe
rPois    .         Spirit   +   (no helmet)
rElec    .         Reflect  .   (no cloak)
rCorr    .         Harm     .   (no gloves)
MR       .....                  (no boots)
Stlth    ++........             (no amulet)
HPRegen  0.47/turn              (no ring)
MPRegen  0.11/turn              (no ring)

@: lethally poisoned (0 -> 0)
A: fangs 2, regeneration 1, magic shield, antimagic bite, no potion heal 3, rot
immunity
a: no special abilities


You were on level 2 of the Dungeon.
You were not hungry.

You visited 1 branch of the dungeon, and saw 2 of its levels.

You collected 42 gold pieces.

Inventory:

Hand Weapons
 b - a +0 spear
 d - a +0 whip (weapon)
 f - a +0 flail
Armour
 a - a +0 robe (worn)
Scrolls
 e - a scroll of teleportation
Potions
 g - a potion of curing {unknown}
Comestibles
 c - 4 rations


   Skills:
 + Level 0.1 Fighting
 + Level 0.3 Maces & Flails
 + Level 1.7 Dodging
 + Level 2.5 Stealth
 + Level 3.1 Spellcasting
 + Level 4.7 Necromancy


You had 8 spell levels left.
You knew the following spells:

 Your Spells              Type           Power        Failure   Level  Hunger
a - Pain                  Necr           ###.         2%          1    #......

Your spell library contained the following spells:

 Spells                   Type           Power        Failure   Level  Hunger
 Animate Skeleton         Necr           N/A          2%          1    #......
 Vampiric Draining        Necr           ###.......   9%          3    ###....
 Regeneration             Chrm/Necr      #.........   22%         3    ###....
 Animate Dead             Necr           N/A          28%         4    #####..


Dungeon Overview and Level Annotations

Branches:
Dungeon (2/15)

Altars:
Uskayaw


Innate Abilities, Weirdness & Mutations

You have extremely sharp teeth.
Your natural rate of healing is unusually fast.
When hurt, damage is shared between your health and your magic reserves.
Your bite disrupts and absorbs the magic of your enemies.
Potions cannot restore your health.
You are immune to rotting.


Message History

You feel sick. The adder bites you but does no damage.
The bat closely misses you.
Casting: Pain (safe; 3% risk of failure)
Confirm with . or Enter, or press ? or * to list all spells.
Aiming: Pain (safe; 3% risk of failure)
Press: ? - help, Shift-Dir - straight line, f/p - adder
Aim: an adder (almost dead, chance to defeat MR: 81%)
The adder barely resists.
The bat closely misses you. x2
The adder closely misses you.
Casting: Pain (safe; 3% risk of failure)
Confirm with . or Enter, or press ? or * to list all spells.
Aiming: Pain (safe; 3% risk of failure)
Press: ? - help, Shift-Dir - straight line, f/p - adder
Aim: an adder (almost dead, chance to defeat MR: 81%)
The adder writhes in agony.
You kill the adder!
You have reached level 4!
You feel stronger.
You begin to heal more quickly.
You die...

# #.##.....
#........ #
#..#.##..
#..###........
#.............
#..###.#......
# #.##...._
#..###†# ..#..
#...b@.# .....
......####
.... ..... .#.
.... ... .. .


You could see a bat.

Vanquished Creatures
  A gnoll (D:1)
  An adder (D:2)
  An ooze (D:1)
  A leopard gecko (D:1)
  A bat (D:1)
  4 goblins (D:1)
  3 hobgoblins (D:1)
  11 jackals
  2 kobolds (D:1)
  3 frilled lizards (D:1)
  3 rats (D:1)
31 creatures vanquished.

Notes
Turn   | Place    | Note
-------+----------+-------------------------------------------
     0 | D:1      | Kairos the Vine Stalker Necromancer began the quest for the
                  | Orb.
     0 | D:1      | Reached XP level 1. HP: 9/9 MP: 4/4
   857 | D:1      | Reached XP level 2. HP: 11/13 MP: 4/6
  1532 | D:1      | Reached XP level 3. HP: 7/16 MP: 4/7
  2444 | D:2      | Found a hide-covered altar of Uskayaw.
  2458 | D:2      | Gained mutation: Your natural rate of healing is unusually
                  | fast. [Vine Stalker growth]
  2458 | D:2      | Reached XP level 4. HP: 2/21 MP: 0/9
  2458 | D:2      | Succumbed to an adder's poison

Skill      XL: |  1  2  3 |
---------------+----------+-----
Spellcasting   | 3 |  3.1
Fighting       | |  0.1
Maces & Flails | |  0.3
Dodging        | |  1.7
Stealth        | |  2.5
Necromancy     | |  4.7

Action                   |  1- 3 |  4- 6 || total
-------------------------+-------+-------++-------
Melee: Whip              |    26 |       ||    26
       Spear             |     5 |       ||     5
       Bite              |     7 |       ||     7
 Cast: Pain              |    63 |     1 ||    64
  Use: Potion            |     2 |       ||     2
       Scroll            |     1 |       ||     1
  Eat: Chunk             |     2 |       ||     2
       Ration            |     1 |       ||     1
Armor: Robe              |    14 |       ||    14
Dodge: Dodged            |    62 |       ||    62
